 Dungeon Crawl Stone Soup version 0.22.1-1-ga44c0e5 (webtiles) character file.

336 Fang the Chopper (level 6, -4/40 HPs)
             Began as a Gargoyle Berserker on Sept 26, 2018.
             Was a Priest of Trog.
             Slain by a phantom (8 damage)
             ... on level 4 of the Dungeon.
             The game lasted 00:07:22 (3586 turns).

Fang the Chopper (Gargoyle Berserker)               Turns: 3586, Time: 00:07:23

Health: -4/40      AC:  6    Str: 23    XL:     6   Next: 54%
Magic:  6/6        EV: 12    Int:  7    God:    Trog [***...]
Gold:   162        SH:  0    Dex:  9    Spells: 5/5 levels left

rFire    . . .     SeeInvis .   a - +0 hand axe
rCold    . . .     Gourm    .   (no shield)
rNeg     + . .     Faith    .   b - +0 animal skin
rPois    ∞         Spirit   .   (no helmet)
rElec    +         Reflect  .   (no cloak)
rCorr    .         Harm     +   (no gloves)
MR       .....                  (no boots)
Stlth    +.........             d - amulet of harm
HPRegen  0.13/turn              (no ring)
MPRegen  0.10/turn              (no ring)

@: berserk cooldown, slowed, very slow
A: negative energy resistance 1, electricity resistance, unbreathing,
petrification resistance, rot immunity, AC +4
a: Berserk, Trog's Hand, Renounce Religion


You were on level 4 of the Dungeon.
You worshipped Trog.
Trog was most pleased with you.
You were not hungry.

You visited 1 branch of the dungeon, and saw 5 of its levels.

You collected 162 gold pieces.

Inventory:

Hand Weapons
 a - a +0 hand axe (weapon)
Armour
 b - a +0 animal skin (worn)
Jewellery
 d - an amulet of harm (around neck)
Scrolls
 f - a scroll of fear {unknown}
 h - 4 scrolls of magic mapping {unknown}
 j - 2 scrolls of identify {unknown}
 k - a scroll of immolation {unknown}
 l - a scroll of enchant armour {unknown}
 o - a scroll of teleportation {unknown}
 q - a scroll of enchant weapon {unknown}
 s - 2 scrolls of remove curse {unknown}
Potions
 e - 2 potions of lignification {unknown}
 g - 3 potions of heal wounds {unknown}
 i - 3 potions of curing {unknown}
 m - 2 potions of mutation {unknown}
 n - a potion of flight {unknown}
 p - a potion of ambrosia {unknown}
 r - a potion of berserk rage {unknown}
Comestibles
 c - 3 rations
 t - 2 chunks of flesh


   Skills:
 + Level 4.8 Fighting
 + Level 5.0 Axes
 + Level 2.3 Armour
 + Level 2.6 Dodging
 + Level 1.1 Stealth


You had 5 spell levels left.
You didn't know any spells.
Your spell library was empty.

Dungeon Overview and Level Annotations

Branches:
Dungeon (5/15)
 Temple: D:4-7

Altars:
Elyvilon
Fedhas
Ru
Sif Muna
Wu Jian
Zin
The Shining One

Shops:
D:5 *


Innate Abilities, Weirdness & Mutations

You are resistant to torment.
Your stone body is resilient. (AC +4)
You are immune to poison.
You resist negative energy. (rN+)
You are resistant to electric shocks. (rElec)
You can survive without breathing.
You are immune to petrification.
You are immune to rotting.


Message History

The phantom closely misses you.
Okay, then.
You hit the phantom.
The phantom is moderately damaged.
The phantom barely misses you. The phantom misses you.
You closely miss the phantom.
The phantom is moderately damaged.
The phantom hits you but does no damage.
You hit the phantom.
The phantom is moderately damaged.
The phantom blinks!
The phantom hits you.
* * * LOW HITPOINT WARNING * * *
The phantom blinks!
The phantom blinks!
Found 12 gold pieces.
The phantom blinks!
Found a spear.
The phantom blinks!
The phantom hits you!
You die...

##########.#.##.####..#
#.#.##.......#
#.#.##.####..# #.#.##.#
#))# ######.#.##.# #..#
##...##.#.##.####..#
####....##.#..........#
........##....§.......##
.###....#######.@.......
## ####.# #W##.##.#.
#######.#######.##.# .#.
.................... ..
# .######.####..... ..
.# #.# $).... .. .# #..
......$ ... .#
######...$ .#


You could see a phantom.

Vanquished Creatures
  A scorpion (D:4)
  A centaur zombie (D:4)
  An orc priest (D:3)
  An iguana (D:4)
  5 gnolls
  5 adders
  2 oozes
  A worm (D:2)
  3 leopard geckos
  10 orcs
  3 giant cockroaches (D:1)
  4 goblins
  8 hobgoblins
  10 jackals
  2 quokkas (D:2)
  2 ball pythons
  9 bats
  5 frilled lizards
  11 kobolds
  7 rats
91 creatures vanquished.

Notes
Turn   | Place    | Note
-------+----------+-------------------------------------------
     0 | D:1      | Fang the Gargoyle Berserker began the quest for the Orb.
     0 | D:1      | Reached XP level 1. HP: 14/14 MP: 1/1
   266 | D:1      | Reached XP level 2. HP: 19/19 MP: 2/2
   287 | D:1      | Reached skill level 3 in Axes
   546 | D:1      | Reached XP level 3. HP: 19/24 MP: 3/3
   779 | D:1      | Reached ** piety under Trog
  1112 | D:2      | Reached XP level 4. HP: 22/29 MP: 4/4
  1644 | D:2      | Found an ornate altar of the Wu Jian Council.
  1669 | D:2      | Reached skill level 4 in Axes
  2188 | D:2      | Found a white marble altar of Elyvilon.
  2188 | D:2      | Found a glowing silver altar of Zin.
  2189 | D:2      | Found a glowing golden altar of the Shining One.
  2640 | D:3      | Reached XP level 5. HP: 32/33 MP: 5/5
  2734 | D:3      | Reached *** piety under Trog
  2736 | D:3      | Found a deep blue altar of Sif Muna.
  2764 | D:3      | Found a blossoming altar of Fedhas.
  2865 | D:3      | Found a faded altar of an unknown god.
  3042 | D:3      | Reached XP level 6. HP: 36/39 MP: 6/6
  3255 | D:3      | Found a sacrificial altar of Ru.
  3497 | D:4      | Noticed a phantom
  3511 | D:4      | Reached skill level 5 in Axes
  3511 | D:4      | Reached skill level 1 in Stealth
  3541 | D:5      | Entered Level 5 of the Dungeon
  3541 | D:5      | Found Wuomup Mung's Elemental Accessories.
  3586 | D:4      | Slain by a phantom

Skill      XL: |  1  2  3  4  5  6 |
---------------+-------------------+-----
Axes           | 3 4 5 |  5.0
Dodging        | 2 |  2.6
Fighting       | 4 |  4.8
Stealth        | 1 |  1.1
Armour         | |  2.3

Action                   |  1- 3 |  4- 6 || total
-------------------------+-------+-------++-------
Melee: Hand axe          |   115 |   155 ||   270
Invok: Berserk           |     1 |     3 ||     4
 Stab: Sleeping          |       |     1 ||     1
  Eat: Chunk             |     1 |    11 ||    12
Armor: Animal skin       |    53 |    78 ||   131
Dodge: Dodged            |    90 |   122 ||   212
